 Dungeon Crawl Stone Soup version 0.19.5 (webtiles) character file.

164 equalderp2856 the Skirmisher (level 5, -7/41 HPs)
             Began as a Mummy Fighter on Mar 30, 2017.
             Killed from afar by Sigmund (9 damage)
             ... with a magic dart
             ... on level 3 of the Dungeon.
             The game lasted 00:04:12 (2771 turns).

equalderp2856 the Skirmisher (Mummy Fighter)        Turns: 2771, Time: 00:04:14

Health: -7/41      AC:  6    Str: 20    XL:     5   Next: 21%
Magic:  5/5        EV:  7    Int:  8    God:
Gold:   90         SH:  9    Dex: 11    Spells: 0 memorised, 4 levels left

rFire  x . .     SeeInvis .     a - +0 long sword
rCold  + . .     Gourm    .     b - +0 scale mail
rNeg   + + +     Faith    .     c - +0 shield
rPois  ∞         Spirit   .     (no helmet)
rElec  .         Reflect  .     (no cloak)
rCorr  .         Harm     .     (no gloves)
MR     .....                    (no boots)
Stlth  ..........               (no amulet)
                                (no ring)
                                (no ring)

@: no status effects
A: no food or potions, fire vulnerability, cold resistance 1, negative energy
resistance 3, torment resistance, unbreathing
a: no special abilities


You were on level 3 of the Dungeon.
You were not hungry.

You visited 1 branch of the dungeon, and saw 3 of its levels.

You collected 90 gold pieces.

Inventory:

Hand Weapons
 a - a +0 long sword (weapon)
Armour
 b - a +0 scale mail (worn)
 c - a +0 shield (worn)
Jewellery
 h - a +4 ring of slaying {unknown}
 k - an uncursed amulet of harm {unknown}
Scrolls
 d - a scroll of random uselessness {unknown}
 e - a scroll of immolation {unknown}
 f - a scroll of fear {unknown}
 g - a scroll of enchant armour {unknown}
 i - a scroll of amnesia {unknown}
 j - 2 scrolls of teleportation {unknown}
 l - a scroll of noise {unknown}


   Skills:
 + Level 3.6 Fighting
 + Level 2.7 Long Blades
 + Level 3.0 Armour
 + Level 1.0 Dodging
 + Level 3.1 Shields


You had 4 spell levels left.
You didn't know any spells.

Dungeon Overview and Level Annotations

Branches:
Dungeon (3/15)

Altars:

Annotations:
D:3 1 runed door, Sigmund


Innate Abilities, Weirdness & Mutations

You do not eat or drink.
Your flesh is vulnerable to fire.
You are immune to poison.
Your flesh is cold resistant. (rC+)
You are immune to negative energy. (rN+++)
You are immune to unholy pain and torment.
You can survive without breathing.


Message History

You miss something. Something hits you but does no damage.
You miss something. You miss something. Something hits you but does no damage.
Your shield and scale mail prevent you from hitting something.
Something hits you.
You miss something.
You hear some strange, mumbled words.
A puff of flame appears from out of thin air!
The puff of flame hits you! The fire burns you terribly!
* * * LOW HITPOINT WARNING * * *
Something hits you!
* * * LOW HITPOINT WARNING * * *
You miss something. You miss something.
You hear some strange, mumbled words.
Something tries to affect you, but you resist.
You hear some strange, mumbled words.
A magic dart appears from out of thin air!
The magic dart hits you!
You die...

#######.........#
#.....#...#####.##
#.###.#...# #...
##.###.# #.....# ####
#<.....###.#...# ##
##..###.....######## #.
...
###.#.#######...###. #.
#...{...............
#.##..@#.##........†.##
#....†.#.# ...........
####..##.. ........#.
......### ..........
#.#..#.# ..#...###.
#.#...... . #### ## #
#..#.### # ##.#.# # .#
# #


There were no monsters in sight!

Vanquished Creatures
  Terence (D:3)
  3 gnolls (D:2)
  An adder (D:2)
  2 oozes (D:1)
  A worm (D:2)
  A dart slug (D:1)
  2 leopard geckos
  5 orcs (D:3)
  8 giant cockroaches
  8 goblins
  5 hobgoblins
  17 jackals
  5 kobolds
  2 quokkas (D:2)
  2 bats
  3 frilled lizards
  6 rats
72 creatures vanquished.

Notes
Turn   | Place    | Note
-------+----------+-------------------------------------------
     0 | D:1      | equalderp2856 the Mummy Fighter began the quest for the Orb.
     0 | D:1      | Reached XP level 1. HP: 18/18 MP: 1/1
    47 | D:1      | Reached XP level 2. HP: 4/24 MP: 2/2
   644 | D:1      | Reached XP level 3. HP: 14/29 MP: 3/3
  1628 | D:2      | Reached XP level 4. HP: 35/35 MP: 4/4
  2295 | D:3      | Noticed Terence
  2306 | D:3      | Reached skill level 1 in Dodging
  2323 | D:3      | Killed Terence
  2323 | D:3      | Reached XP level 5. HP: 35/41 MP: 5/5
  2692 | D:3      | Found a runed door.
  2753 | D:3      | Noticed Sigmund
  2769 | D:3      | HP: 1/41 [something (11)]
  2771 | D:3      | Killed from afar by Sigmund

Skill      XL: |  1  2  3  4 |
---------------+-------------+-----
Long Blades    | 2 |  2.7
Shields        | 3 |  3.1
Armour         | 3 |  3.0
Dodging        | 1 |  1.0
Fighting       | |  3.6

Action                   |  1- 3 |  4- 6 || total
-------------------------+-------+-------++-------
Melee: Long sword        |   162 |   139 ||   301
Armor: Scale mail        |    99 |    74 ||   173
Dodge: Dodged            |    62 |    49 ||   111
Block: Shield            |   103 |    81 ||   184
       Rpst.: Long sword |    23 |    12 ||    35
